 Dungeon Crawl Stone Soup version 0.25.0-46-gbd7b0854d2 (webtiles) character file.

Game seed: 17186521736096343530

256 Ethylacetat the Poker (level 6, -4/56 HPs)
             Began as a Naga Gladiator on July 13, 2020.
             Slain by a wight
             ... wielding a +0 morningstar
              (7 damage)
             ... on level 6 of the Dungeon.
             The game lasted 00:04:41 (3674 turns).

Ethylacetat the Poker (Naga Gladiator)              Turns: 3674, Time: 00:04:42

Health: -4/56      AC:  4    Str: 18    XL:     6   Next: 15%
Magic:  6/6        EV:  9    Int:  8    God:
Gold:   229        SH:  4    Dex: 13    Spells: 5/5 levels left

rFire    . . .     SeeInvis +   a - +0 trident
rCold    . . .     Gourm    .   p - +0 buckler (curse)
rNeg     . . .     Faith    .   b - +0 leather armour
rPois    +         Spirit   .   c - +0 helmet
rElec    .         Reflect  .   (no cloak)
rCorr    .         Harm     .   (no gloves)
MR       .....                  (no barding)
Stlth    +.........             (no amulet)
HPRegen  0.18/turn              (no ring)
MPRegen  0.10/turn              (no ring)

@: drained, very slow
A: large, see invisible, deformed body, poison resistance, slowness 2, slow
metabolism 1, spit poison 1, AC +2
a: Spit Poison


You were on level 6 of the Dungeon.
You were hungry.

You visited 1 branch of the dungeon, and saw 6 of its levels.

You collected 229 gold pieces.

Inventory:

Hand Weapons
 a - a +0 trident (weapon)
Missiles
 d - 5 throwing nets (quivered)
Armour
 b - a +0 leather armour (worn)
 c - a +0 helmet (worn)
 p - a cursed +0 buckler (worn)
Jewellery
 t - an uncursed amulet of guardian spirit {unknown}
Wands
 s - a wand of flame (11)
Scrolls
 e - 4 scrolls of identify {unknown}
 h - 2 scrolls of immolation {unknown}
 i - 2 scrolls of remove curse {unknown}
 l - a scroll of teleportation {unknown}
 q - a scroll of random uselessness {unknown}
 u - a scroll of blinking {unknown}
 y - 2 scrolls of holy word {unknown}
Potions
 g - 2 potions of curing {unknown}
 j - a potion of brilliance {unknown}
 k - 2 potions of stabbing {unknown}
 m - a potion of degeneration {unknown}
 n - a potion of heal wounds {unknown}
 o - a potion of cancellation {unknown}
 r - 2 potions of might {unknown}
 v - a potion of haste {unknown}
 x - a potion of mutation {unknown}
Comestibles
 f - 9 rations
 w - 9 chunks of flesh


   Skills:
 + Level 3.6(3.0) Fighting
 * Level 5.4(4.8) Polearms
 - Level 1.7(1.2) Throwing
 - Level 2.4(1.8) Dodging
 + Level 1.6(1.1) Shields


You had 5 spell levels left.
You didn't know any spells.
Your spell library was empty.

Dungeon Overview and Level Annotations

Branches:
Dungeon (7/15)
 Temple: D:4-7

Altars:
Gozag
Qazlal


Innate Abilities, Weirdness & Mutations

You cannot wear boots.
Your serpentine skin is tough. (AC +2)
You have supernaturally acute eyesight. (SInv)
Armour fits poorly on your strangely shaped body.
Your system is resistant to poisons. (rPois)
You cover ground very slowly.
You have a slow metabolism.
You can spit poison.


Message History

The wight is moderately damaged.
The wight hits you with a +0 morningstar.
* * * LOW HITPOINT WARNING * * *
You hit the wight.
The wight is severely damaged.
The wight hits you but does no damage.
You barely miss the wight.
The wight is severely damaged.
The wight hits you with a +0 morningstar!
* * * LOW HITPOINT WARNING * * *
You hit the wight but do no damage.
The wight is severely damaged.
The wight barely misses you.
You closely miss the wight.
The wight is severely damaged.
The wight closely misses you.
You closely miss the wight.
The wight is severely damaged.
The wight hits you with a +0 morningstar!
You die...

#########
#@z......
#.###....
#.# : ...
#.# #.#
... #.#


You could see a wight.

Vanquished Creatures
  A wight (D:7)
  An orc priest (D:3)
  A bullfrog skeleton (D:7)
  An orc wizard (D:2)
  4 adders
  A gnoll (D:1)
  An ooze (D:1)
  A worm (D:3)
  A dart slug (D:1)
  4 leopard geckos
  9 orcs
  2 ball pythons
  A giant cockroach (D:1)
  2 goblins
  11 hobgoblins
  7 jackals
  A quokka (D:3)
  4 bats
  6 frilled lizards
  5 kobolds
  A rat (D:3)
65 creatures vanquished.

Notes
Turn   | Place    | Note
-------+----------+-------------------------------------------
     0 | D:1      | Ethylacetat the Naga Gladiator began the quest for the Orb.
     0 | D:1      | Reached XP level 1. HP: 19/19 MP: 1/1
    30 | D:1      | Reached XP level 2. HP: 13/27 MP: 2/2
   443 | D:1      | Reached XP level 3. HP: 29/33 MP: 3/3
   816 | D:2      | Reached skill level 4 in Polearms
  1061 | D:2      | Noticed an earth elemental
  1062 | D:2      | Found a stormy altar of Qazlal.
  1064 | D:2      | Noticed an air elemental
  1064 | D:2      | Noticed a water elemental
  1064 | D:2      | Noticed a fire elemental
  1072 | D:2      | Found an opulent altar of Gozag.
  1452 | D:2      | Reached XP level 4. HP: 40/40 MP: 4/4
  2654 | D:3      | Reached skill level 1 in Shields
  2654 | D:3      | Reached XP level 5. HP: 43/49 MP: 5/5
  3291 | D:3      | Reached skill level 5 in Polearms
  3584 | D:4      | You fall into a shaft and drop 3 floors!
  3653 | D:7      | Reached XP level 6. HP: 26/56 MP: 6/6
  3674 | D:6      | Slain by a wight

Illustrated notes

Levels and vault maps discovered:
D:1:      ncdulo_wetmaze, layout_loops_ring, minmay_tetromino_s2
D:2:      layout_loops_corners, nicolae_qazlal_style_of_elements,
          nicolae_gozag_cash_rules_everything_around_me
D:3:      layout_basic, first_ration
D:4:      kennysheep_slugbush, layout_loops_cross,
          nemelex_xobeh_ov_fountains_minmay, kennysheep_vampire_church,
          serial_shops, nicolae_shop_trees
D:6:      layout_basic, slow_altar_1, minmay_temple_entry_junction, uniq_edmund
D:7:      layout_rooms, kennysheep_nub

Skill      XL: |  1  2  3  4  5 |
---------------+----------------+-----
Polearms       | 4 5 |  5.4
Fighting       | 3 |  3.6
Shields        | 1 |  1.6
Throwing       | |  1.7
Dodging        | |  2.4

Action                   |  1- 3 |  4- 6 || total
-------------------------+-------+-------++-------
Melee: Trident           |    83 |   157 ||   240
 Abil: Spit Poison       |     3 |    15 ||    18
 Stab: Sleeping          |     1 |       ||     1
  Eat: Chunk             |     1 |     6 ||     7
Armor: Leather armour    |    19 |    39 ||    58
Dodge: Dodged            |    44 |    81 ||   125
Block: Buckler           |     5 |    30 ||    35
